 Dungeon Crawl Stone Soup version 0.27-a0-416-gca2cecf3c0 (webtiles) character file.

Game seed: 15102359666652593164

90 Gaff the Sneak (level 4, 0/33 HPs)
             Began as a Vampire Brigand on Feb 25, 2021.
             Succumbed to an orc's poison
             ... on level 3 of the Dungeon.
             The game lasted 00:11:31 (1906 turns).

Gaff the Sneak (Vampire Brigand)                    Turns: 1906, Time: 00:11:31

Health: 0/33       AC:  5    Str:  7 (10) XL:     4   Next: 32%
Magic:  4/4        EV: 11    Int: 10 (13) God:
Gold:   131        SH:  0    Dex: 14 (16) Spells: 3/3 levels left

rFire    . . .     SeeInvis +   p - +4 dagger
rCold    . . .     Faith    .   (no shield)
rNeg     . . .     Spirit   .   s - +1 leather armour
rPois    .         Reflect  .   (no helmet)
rElec    .         Harm     .   c - +0 cloak
rCorr    .         Rampage  .   (no gloves)
Will     .....                  (no boots)
Stlth    +++.......             (no amulet)
HPRegen  0.31/turn              g - ring of wizardry
MPRegen  0.09/turn              (no ring)

@: lethally poisoned (0 -> -1), regenerating quickly
A: fangs 3, see invisible, unbreathing
a: Exsanguinate


You were on level 3 of the Dungeon.
You visited 1 branch of the dungeon, and saw 3 of its levels.

You collected 131 gold pieces.

Inventory:

Hand Weapons
 a - a +2 dagger
 h - a +3 short sword
 p - a +4 dagger (weapon)
 u - a +1 vorpal hunting sling
Missiles
 d - 8 poisoned darts
 e - 2 curare-tipped darts
 f - 39 arrows
 l - 82 stones
 r - 7 boomerangs (quivered)
Armour
 b - a +0 robe
 c - a +0 cloak (worn)
 o - a +0 cloak
 s - a +1 leather armour (worn)
Jewellery
 g - a ring of wizardry (left hand)
 q - an amulet of guardian spirit
Scrolls
 j - 2 scrolls of fog
 m - a scroll of teleportation {unknown}
 n - 5 scrolls of identify {unknown}
Potions
 i - a potion of brilliance


   Skills:
 + Level 2.0 Fighting
 + Level 3.0 Short Blades
 + Level 1.7 Throwing
 + Level 0.3 Armour
 + Level 1.3 Dodging
 + Level 7.8 Stealth


You had 3 spell levels left.
You didn't know any spells.
Your spell library was empty.

Dungeon Overview and Level Annotations

Branches:
Dungeon (3/15)

Altars:
Ashenzari

Annotations:
D:3 1 runed translucent door, Chiseanne's ghost, amateur DsWn; Natasha


Innate Abilities, Weirdness & Mutations

Your natural rate of healing is unusually fast.
You have razor-sharp teeth.
You have supernaturally acute eyesight. (SInv)
You can survive without breathing.


Message History

You barely miss the orc. You bite the orc.
You kill the orc!
You feel sick.
As you read the scroll labelled DUZUSA WENAWNU, it crumbles to dust.
The scroll dissolves into smoke.
It was a scroll of fog.
You feel sick. The orc misses you.
You feel sick.
You feel sick.
You feel sick.
You feel sick.
You feel sick. The orc hits you with a +0 mace.
The orc wizard hits you with a +0 dagger.
You hit the orc wizard. Your bite misses the orc wizard.
The orc wizard is lightly wounded.
You feel sick. The orc hits you with a +0 mace.
* * * LOW HITPOINT WARNING * * *
The orc wizard hits you but does no damage.
Okay, then.
As you read the scroll labelled YRIUWUR XI ZABECY, it crumbles to dust.
It is a scroll of enchant armour.
Your +0 leather armour glows green for a moment.
You feel sick.
The orc wizard hits you with a +0 dagger.
* * * LOW HITPOINT WARNING * * *
The orc hits you with a +0 mace.
* * * LOW HITPOINT WARNING * * *
Blink to where?
Press: ? - help, Dir - move target
As you read the scroll labelled WOIR OPHER, it crumbles to dust.
It was a scroll of blinking.
* * * LOW HITPOINT WARNING * * *
You feel sick.
Found a fizzy golden potion.
* * * LOW HITPOINT WARNING * * *
You feel sick.
Found a runed translucent door.
* * * LOW HITPOINT WARNING * * *
You feel sick.
Found a red potion.
You die...

###...##⌠##..
#....##...##..
.#.##..!..##. #.#..
..#⌠..♣W..+. . #.#..
##.##..!..##. ..#....
...##...##.. ...$...
.#..##⌠##..# #[....
.##@.###..# #.....
###.###.....##.
##.....##.<.###........
........†.####.......##
.........#####.......#
..........§..#o......#
.......###§o§o......##
........§§§§§§......##
..:##.#####.##.).....#


You could see Chiseanne's ghost (dormant).

Vanquished Creatures
  2 adders
  An ooze (D:3)
  4 worms
  2 dart slugs (D:1)
  A leopard gecko (D:2)
  An orc (D:3)
  2 giant cockroaches
  8 goblins
  6 hobgoblins
  6 jackals (D:2)
  5 kobolds
  A quokka (D:2)
  2 ball pythons
  4 bats
  2 frilled lizards
  3 rats
50 creatures vanquished.

Notes
Turn   | Place    | Note
-------+----------+-------------------------------------------
     0 | D:1      | Gaff the Vampire Brigand began the quest for the Orb.
     0 | D:1      | Reached XP level 1. HP: 16/16 MP: 1/1
    25 | D:1      | Reached skill level 6 in Stealth
   127 | D:1      | Reached XP level 2. HP: 22/22 MP: 2/2
   452 | D:1      | Reached skill level 7 in Stealth
   776 | D:2      | Reached XP level 3. HP: 27/27 MP: 3/3
   910 | D:2      | Found a broken altar of Ashenzari.
  1834 | D:3      | Reached XP level 4. HP: 33/33 MP: 4/4
  1883 | D:3      | Noticed Natasha
  1903 | D:3      | Found a runed translucent door.
  1903 | D:3      | Noticed Chiseanne's ghost (amateur DsWn)
  1903 | D:3      | HP: 1/33 [poisoned by an orc]
  1906 | D:3      | Succumbed to an orc's poison

Illustrated notes

Levels and vault maps discovered:
D:1:      psy_arrival_dodecagon, layout_loops_cross,
          hangedman_abyss_or_decor_stabs
D:2:      layout_basic, evilmike_ruin_ashenzari, serial_park_tiny_2
D:3:      layout_rooms, nicolae_overflow_crystal_walls, serial_glass,
          glass_columns_a, glass_columns_b, glass_columns_a,
          hellmonk_ghost_happy_afterlife, uniq_natasha

Skill      XL: |  1  2  3  4 |
---------------+-------------+-----
Stealth        | 6 7 |  7.8
Fighting       | 2 |  2.0
Short Blades   | 3 |  3.0
Throwing       | |  1.7
Armour         | |  0.3
Dodging        | |  1.3

Action                   |  1- 3 |  4- 6 || total
-------------------------+-------+-------++-------
Melee: Dagger            |   121 |    14 ||   135
       Bite              |    10 |     2 ||    12
       Short sword       |    13 |     5 ||    18
  Use: Potion            |     4 |       ||     4
       Scroll            |       |     3 ||     3
 Stab: Sleeping          |    10 |     2 ||    12
Armor: Robe              |    18 |       ||    18
       Leather armour    |    14 |     7 ||    21
Dodge: Dodged            |    53 |    13 ||    66

Table legend: (Time is in decaauts)
 A = Elapsed time spent in this place.
 B = Non-inter-level travel time spent in this place.
 C = Inter-level travel time spent in this place.
 D = Time resting spent in this place.
 E = Time spent auto-exploring this place.
 F = Levels seen in this place.
 G = Mean time per level.
                   A        B        C        D        E       F      G
               +--------+--------+--------+--------+--------+-----+--------+
         Total |   1888 |   1790 |     98 |    132 |    869 |   3 |  629.3 |
       Dungeon |   1888 |   1790 |     98 |    132 |    869 |   3 |  629.3 |
               +--------+--------+--------+--------+--------+-----+--------+

Top non-repeatable levels by time:
     D:2: 1142 daAuts
     D:1: 671 daAuts
     D:3: 73 daAuts
